 Dungeon Sprint DCSS version 0.20.1-1-g8b1a95d (webtiles) character file.

582 JustSomeDude the Carver (level 7, -11/75 HPs)
             Began as a Demonspawn Monk on Aug 26, 2017.
             Was an Elder of Jiyva.
             Shot with an arrow by a centaur warrior (15 damage)
             ... in the Dungeon (Sprint I: "Red Sonja").
             The game lasted 00:04:41 (769 turns).

JustSomeDude the Carver (Demonspawn Monk)            Turns: 769, Time: 00:04:41

Health: -11/75     AC:  3    Str: 13    XL:     7   Next: 14%
Magic:  4/7        EV: 17    Int: 12    God:    Jiyva [****..]
Gold:   250        SH:  0    Dex: 15    Spells: 6/6 levels left

rFire    . . .     SeeInvis .   a - +0 falchion
rCold    . . .     Gourm    .   (no shield)
rNeg     . . .     Faith    .   k - +0 leather armour (curse)
rPois    .         Spirit   .   (helmet restricted)
rElec    .         Reflect  .   (no cloak)
rCorr    +         Harm     .   (no gloves)
MR       .....     NoTele   +   (no boots)
Stlth    +++.......             (no amulet)
Regen    0.3/turn               (no ring)
MPRegen  0.1/turn               (no ring)

@: no status effects
A: antennae 1, robust 2, rot immunity, sturdy frame 2
a: Request Jelly, Slimify, Renounce Religion


You were in the Dungeon.
You worshipped Jiyva.
Jiyva was greatly pleased with you.
You were completely stuffed.

You visited 1 branch You collected 250 gold pieces.

Inventory:

Hand Weapons
 a - a +0 falchion (weapon)
Armour
 b - a +0 robe
 k - a cursed +0 leather armour (worn)
Wands
 j - a wand of digging (14/24)
Scrolls
 i - a scroll of blinking
Potions
 g - 2 potions of magic
Comestibles
 c - a bread ration


   Skills:
 + Level 8.4 Fighting
 + Level 9.4 Long Blades
 + Level 1.8 Armour
 + Level 7.6 Dodging
 + Level 4.3 Stealth


You had 6 spell levels left.
You didn't know any spells.

Dungeon Overview and Level Annotations

Branches:
Dungeon (1/1)

Altars:
Cheibriados
Dithmenos
Elyvilon
Fedhas
Gozag
Hepliaklqana
Kikubaaqudgha
Makhleb
Okawaru
Qazlal
Ru
Sif Muna
Trog
Uskayaw
Vehumet
Xom
Yredelemnul
Zin
The Shining One
Jiyva
Lugonu

Shops:
D ?


Innate Abilities, Weirdness & Mutations

You have a pair of small antennae on your head.
You are immune to rotting.
Your movements are less encumbered by armour. (ER -4)
You are very robust. (+20% HP)


Message History

* * * LOW HITPOINT WARNING * * *
You hit the centaur warrior.
The centaur warrior is lightly wounded.
The centaur warrior completely misses you.
You hit the centaur warrior.
The centaur warrior is lightly wounded.
The centaur warrior hits you.
* * * LOW HITPOINT WARNING * * *
The centaur warrior misses you.
You riposte.
You hit the centaur warrior.
The centaur warrior is lightly wounded.
There is an open door, spattered with blood here.
Things that are here:
a longbow; 11 arrows The centaur warrior wields a longbow.
The centaur warrior shoots an arrow.
The arrow hits you!
* * * LOW HITPOINT WARNING * * *
You see here an arrow.
You swap places.
The centaur warrior shoots an arrow.
The arrow misses you.
The centaur warrior shoots an arrow.
The arrow hits you!
You die...

###################
#<.#..').#..'..#__#
#..'..#..'..#..'..+
#..#####+#####J#__#
#..# #@.J#J####
#..#__## #.(##.#§§§
#..#_____##c#.§.§≈§
#⌠⌠#_.∩....(.._#
####_..__##_.#+#
#____ ##+# ####


You could see a centaur warrior and a neutral slime creature (fellow slime).

Vanquished Creatures
  A slime creature (D)
  Sigmund (D)
  A yak (D)
  An ogre (D)
  Ijyb (D)
5 creatures vanquished.

Vanquished Creatures (others)
  A gargoyle (D)
  2 jellies (D)
3 creatures vanquished.

Grand Total: 8 creatures vanquished

Notes
Turn   | Place    | Note
-------+----------+-------------------------------------------
     0 | D        | JustSomeDude the Demonspawn Monk began the quest for the Orb.
     0 | D        | Reached XP level 1. HP: 18/18 MP: 1/1
     1 | D        | Noticed Ijyb
    20 | D        | Killed Ijyb
    20 | D        | Reached skill level 4 in Long Blades
    20 | D        | Gained mutation: You have a pair of small antennae on your head. [demonic ancestry]
    20 | D        | Reached XP level 2. HP: 4/25 MP: 2/2
   190 | D        | Killed a gargoyle
   275 | D        | Noticed an ogre
   287 | D        | Killed an ogre
   287 | D        | Reached skill level 5 in Fighting
   287 | D        | Reached skill level 6 in Long Blades
   287 | D        | Reached skill level 5 in Dodging
   287 | D        | Gained mutation: Your movements are slightly less encumbered by armour. (ER -2) [demonic ancestry]
   287 | D        | Reached XP level 3. HP: 18/33 MP: 3/3
   287 | D        | Reached XP level 4. HP: 21/39 MP: 4/4
   437 | D        | Noticed Sigmund
   458 | D        | Killed Sigmund
   458 | D        | Reached skill level 7 in Long Blades
   458 | D        | Gained mutation: You are immune to rotting. [demonic ancestry]
   458 | D        | Reached XP level 5. HP: 31/48 MP: 5/5
   458 | D        | Gained mutation: Your movements are less encumbered by armour. (ER -4) [demonic ancestry]
   458 | D        | Reached XP level 6. HP: 36/55 MP: 6/6
   572 | D        | Found a burning altar of Makhleb.
   572 | D        | Found a viscous altar of Jiyva.
   572 | D        | Found a shimmering altar of Xom.
   572 | D        | Found a corrupted altar of Lugonu.
   572 | D        | Noticed a slime creature
   584 | D        | Killed a slime creature
   584 | D        | Reached skill level 9 in Long Blades
   584 | D        | Reached skill level 1 in Armour
   693 | D        | Became a worshipper of Jiyva Jopsit the Shapeless
   693 | D        | Reached * piety under Jiyva
   693 | D        | Reached ** piety under Jiyva
   704 | D        | Found a deep blue altar of Sif Muna.
   706 | D        | Found a radiant altar of Vehumet.
   708 | D        | Reached *** piety under Jiyva
   710 | D        | Gained mutation: You are robust. (+10% HP) [Jiyva's grace]
   718 | D        | Reached **** piety under Jiyva
   722 | D        | Gained mutation: You are very robust. (+20% HP) [Jiyva's grace]
   723 | D        | Reached ***** piety under Jiyva
   725 | D        | Found Ticouxto's Magic Scroll Emporium.
   725 | D        | Found an ancient bone altar of Kikubaaqudgha.
   725 | D        | Found a hazy altar of Hepliaklqana.
   725 | D        | Found a hide-covered altar of Uskayaw.
   725 | D        | Found a basalt altar of Yredelemnul.
   725 | D        | Found an opulent altar of Gozag.
   725 | D        | Found a snail-covered altar of Cheibriados.
   725 | D        | Found a sacrificial altar of Ru.
   725 | D        | Found a shadowy altar of Dithmenos.
   725 | D        | Noticed a yak
   726 | D        | Found a stormy altar of Qazlal.
   726 | D        | Found a blossoming altar of Fedhas.
   726 | D        | Found a bloodstained altar of Trog.
   726 | D        | Found an iron altar of Okawaru.
   726 | D        | Found a glowing golden altar of the Shining One.
   726 | D        | Found a glowing silver altar of Zin.
   726 | D        | Found a white marble altar of Elyvilon.
   730 | D        | Noticed a centaur warrior
   746 | D        | Killed a yak
   746 | D        | Reached XP level 7. HP: 52/75 MP: 7/7
   757 | D        | Slimified a centaur warrior
   757 | D        | Noticed a slime creature
   757 | D        | a centaur warrior changed into a slime creature
   760 | D        | Noticed a centaur warrior
   767 | D        | HP: 3/75 [centaur warrior/arrow (13)]
   769 | D        | Shot with an arrow by a centaur warrior

Skill      XL: |  1  2  3  4  5  6 |
---------------+-------------------+-----
Fighting       | 4 5 7 8 |  8.4
Long Blades    | 4 6 7 9 |  9.4
Dodging        | 3 5 6 7 |  7.6
Stealth        | 2 3 4 |  4.3
Armour         | 1 |  1.8

Action                   |  1- 3 |  4- 6 |  7- 9 || total
-------------------------+-------+-------+-------++-------
Melee: Falchion          |    28 |    44 |    15 ||    87
Invok: Slimify           |       |       |     1 ||     1
  Use: Potion            |     1 |     3 |       ||     4
 Stab: Sleeping          |     1 |     1 |       ||     2
Armor: Robe              |     1 |       |       ||     1
       Leather armour    |       |       |     1 ||     1
Dodge: Dodged            |    15 |    18 |    10 ||    43
       Rpst.: Falchion   |     8 |     7 |     2 ||    17
